 Dungeon Crawl Stone Soup version 0.28.0-47-ge53b351184 (webtiles) character file.

Game seed: 9139839572752220919

3407 101zpm the Thaumaturge (level 10, -13/60 HPs)
             Began as a Djinni Fire Elementalist on May 1, 2022.
             Was a Follower of Qazlal.
             Mangled by an orc warrior
             ... wielding a +0 scimitar
              (20 damage)
             ... on level 7 of the Dungeon.
             The game lasted 00:25:53 (12542 turns).

101zpm the Thaumaturge (Djinni Fire Elementalist)  Turns: 12542, Time: 00:25:53

Health: -13/60     AC:  2    Str:  7    XL:     10   Next: 24%
Gold:   247        EV: 17    Int: 21    God:    Qazlal [*.....] SH:  2 Dex: 14

rFire   + + .      SeeInvis +   k - +4 dagger
rCold   x . .      Faith    .   (no shield)
rNeg    . . .      Spirit   .   a - +0 robe
rPois   ∞          Reflect  .   (no helmet)
rElec   .          Harm     .   (no cloak)
rCorr   .          Rampage  .   (no gloves)
Will    +....                   (boots unavailable)
Stlth   ++........              (no amulet)
HPRegen 0.20/turn               h - ring of see invisible
MPRegen 0.00/turn               m - +4 ring of evasion

@: flying
A: sickness immunity, fire resistance 2, cold vulnerability 1, float, innate
caster, HP casting, extra vitality 1
a: Renounce Religion


You were on level 7 of the Dungeon.
You worshipped Qazlal.
Qazlal was aware of your devotion.
You visited 2 branches of the dungeon, and saw 9 of its levels.

You collected 337 gold pieces.
You spent 90 gold pieces at shops.

Inventory:

Hand Weapons
 k - a +4 dagger (weapon)
Missiles
 i - 215 stones
 w - 5 boomerangs
Armour
 a - a +0 robe (worn)
Jewellery
 h - a ring of see invisible (left hand)
 l - a ring of fire
 m - a +4 ring of evasion (right hand)
Wands
 o - a wand of charming (10)
 p - a wand of iceblast (6)
 t - a wand of flame (53)
Scrolls
 b - 2 scrolls of identify
 d - 2 scrolls of torment
 f - a scroll of immolation
 g - a scroll of enchant armour
 q - a scroll of blinking {unknown}
 r - a scroll of brand weapon {unknown}
 s - a scroll of teleportation {unknown}
Potions
 c - 2 potions of invisibility {unknown}
 e - a potion of heal wounds {unknown}
 j - 5 potions of curing
 n - 2 potions of might
 u - 2 potions of flight {unknown}
 v - a potion of brilliance {unknown}
 x - a potion of degeneration {unknown}
 z - a potion of haste {unknown}


   Skills:
 + Level 0.1 Fighting
 + Level 3.2 Dodging
 + Level 4.2 Stealth
 + Level 0.6 Unarmed Combat
 + Level 10.3 Spellcasting


You had 7 spell levels left.
You knew the following spells:

 Your Spells              Type           Power      Damage    Failure   Level
a - Foxfire               Conj/Fire      100%       2x1d9     1%          1
b - Scorch                Fire           100%       2d10      1%          2
c - Conjure Flame         Conj/Fire      53%        6-21      1%          3
d - Inner Flame           Hex/Fire       53%        N/A       1%          3
e - Flame Wave            Conj/Fire      53%        2d11      1%          4
f - Sandblast             Erth           100%       2d20      1%          1
g - Static Discharge      Conj/Air       53%        N/A       1%          2
h - Poisonous Vapours     Pois/Air       100%       N/A       1%          2
i - Summon Ice Beast      Ice/Summ       53%        N/A       1%          4
Your spell library was empty.

Dungeon Overview and Level Annotations

Branches:
Dungeon (8/15)             Temple (1/1) D:5
   Lair: D:8-11

Altars:
Ashenzari
Cheibriados
Dithmenos
Fedhas
Gozag
Hepliaklqana
Kikubaaqudgha
Makhleb
Nemelex Xobeh
Okawaru
Qazlal
Ru
Sif Muna
Uskayaw
Vehumet
Wu Jian
Xom
Yredelemnul
Zin

Shops:
D:5 *   D:6 *


Innate Abilities, Weirdness & Mutations

You are immune to sickness and miasma.
You are immune to poison.
Your flesh is very heat resistant. (rF++)
You are vulnerable to cold. (rC-)
You float through the air rather than walking.
You learn spells naturally, not from books.
Your magical power is your life essence.
You have superior vitality. (+4 MHP)


Message History

Anything else - Cancel.
Guard this area!
Something hits your ice beast!
You don't have enough health to cast this spell.
Unknown command.
Your ice beast hits the orc warrior but does no damage.
You fly upwards.
There is a stone staircase leading down here.
You start resting.
HP restored.
You fly downwards.
The orc warrior hits you with a +0 scimitar!
An orc wizard comes into view. It is wielding a +0 short sword.
The orc warrior hits you with a +0 scimitar!
There is a stone staircase leading up here.
The orc warrior hits you with a +0 scimitar!
You fly upwards.
There is a stone staircase leading down here.
Casting: Inner Flame (safe; 1% risk of failure)
Confirm with . or Enter, or press ? or * to list all spells.
Flames lash the orc warrior.
The orc warrior is lightly wounded.
The orc warrior's fire resistance burns away.
The orc warrior misses you.
Casting: Scorch (safe; 1% risk of failure)
Confirm with . or Enter, or press ? or * to list all spells.
Flames lash the orc warrior.
The orc warrior is burned terribly!
The orc warrior is moderately wounded.
The orc warrior hits you with a +0 scimitar!
* * * LOW HITPOINT WARNING * * *
Casting: Scorch (safe; 1% risk of failure)
Confirm with . or Enter, or press ? or * to list all spells.
Flames lash the orc warrior but do no damage.
* * * LOW HITPOINT WARNING * * *
The orc warrior closely misses you.
Casting: Scorch (safe; 1% risk of failure)
Confirm with . or Enter, or press ? or * to list all spells.
Flames lash the orc warrior but do no damage.
* * * LOW HITPOINT WARNING * * *
The orc warrior hits you with a +0 scimitar!!
You die...

#..##..##.>....'...
#..##########.(##..
#..#...##..##.<##.)
#..#...#...........
#..#...#........)..
#..#...'...........
#..#...#.........<.
#..#...#...........
#.@#...#...######..
#.o##..##..## #..
#..##..##...# #..
#...#.......# #..
#...#.......# #..
#...'......## #..
#...#......# ##..
#..##..##..........
#..##..##..........


You could see an orc warrior (combustible).

Vanquished Creatures
  A two-headed ogre (D:5)
  2 water moccasins
  A sky beast (D:5)
  2 ice beasts
  A necrophage (D:5)
  2 ogres
  3 centaurs
  A phantom (D:4)
  3 kobold brigands
  2 bullfrogs
  2 scorpions
  A water moccasin zombie (D:5)
  A wyvern skeleton (D:7)
  A water moccasin skeleton (D:5)
  5 killer bees
  2 howler monkeys
  A vampire bat (D:3)
  2 jellies
  2 hounds
  3 orc priests
  A centaur skeleton (D:4)
  A bullfrog skeleton (D:4)
  3 iguanas
  3 orc wizards
  A hound zombie (D:5)
  4 gnolls
  A howler monkey skeleton (D:5)
  11 adders
  2 white imps
  2 adder skeletons
  A worm (D:2)
  2 dart slugs
  20 orcs
  7 ball pythons
  9 endoplasms
  A giant cockroach (D:2)
  6 goblins
  6 hobgoblins
  7 jackals
  17 kobolds
  4 quokkas
  11 bats
  A frilled lizard (D:2)
  5 rats
164 creatures vanquished.

Vanquished Creatures (collateral kills)
  A kobold brigand (D:8)
  A hound (D:5)
  A kobold (D:8)
3 creatures vanquished.

Vanquished Creatures (others)
  898 foxfires
898 creatures vanquished.

Grand Total: 1065 creatures vanquished

Notes
Turn   | Place    | Note
-------+----------+-------------------------------------------
     0 | D:1      | 101zpm the Djinni Fire Elementalist began the quest for the
                  | Orb.
     0 | D:1      | Reached XP level 1. HP: 15/15 MP: 0/0
   308 | D:1      | Reached XP level 2. HP: 20/21 MP: 0/0
  1175 | D:2      | Reached skill level 3 in Spellcasting
  1175 | D:2      | Reached XP level 3. HP: 22/25 MP: 0/0
  1175 | D:2      | Learned a level 1 spell: Sandblast
  1804 | D:2      | Reached XP level 4. HP: 23/31 MP: 0/0
  2847 | D:2      | Found a faded altar of an unknown god.
  3396 | D:3      | Reached XP level 5. HP: 32/35 MP: 0/0
  3396 | D:3      | Learned a level 2 spell: Static Discharge
  3404 | D:3      | Reached skill level 4 in Spellcasting
  4470 | D:3      | Reached XP level 6. HP: 27/40 MP: 0/0
  5536 | D:4      | Reached skill level 5 in Spellcasting
  5545 | D:4      | Reached XP level 7. HP: 24/45 MP: 0/0
  5545 | D:4      | Learned a level 2 spell: Poisonous Vapours
  6607 | D:4      | Found a hide-covered altar of Uskayaw.
  6607 | D:4      | Noticed a +0 dagger
  6607 | D:4      | Noticed a +0 hand axe
  6746 | D:5      | Entered Level 5 of the Dungeon
  6936 | D:5      | Reached skill level 6 in Spellcasting
  6936 | D:5      | Reached XP level 8. HP: 32/50 MP: 0/0
  8040 | D:5      | Noticed a two-headed ogre
  8045 | D:5      | Killed a two-headed ogre
  8046 | D:5      | Reached skill level 7 in Spellcasting
  8050 | D:5      | Found a staircase to the Ecumenical Temple.
  8051 | D:5      | Reached XP level 9. HP: 29/55 MP: 0/0
  8051 | D:5      | Learned a level 4 spell: Summon Ice Beast
  8616 | D:5      | Reached skill level 8 in Spellcasting
  9340 | D:5      | Found Neidgh's General Store.
  9348 | D:5      | Bought a scroll of identify for 20 gold pieces
  9348 | D:5      | Bought a potion of might for 40 gold pieces
  9348 | D:5      | Bought a potion of curing for 30 gold pieces
  9387 | Temple   | Entered the Ecumenical Temple
  9634 | Temple   | Became a worshipper of Qazlal Stormbringer
  9917 | D:6      | Reached skill level 9 in Spellcasting
 10426 | D:6      | Found Rupir's General Store.
 11330 | D:7      | Reached XP level 10. HP: 26/60 MP: 0/0
 11512 | D:7      | Reached * piety under Qazlal
 11918 | D:8      | Reached skill level 10 in Spellcasting
 12542 | D:7      | Mangled by an orc warrior

Illustrated notes

Levels and vault maps discovered:
D:1:      lemuel_arrival_muddy, layout_basic
D:2:      layout_basic, basic_ecumenical_altar
D:3:      layout_rooms, roderic_batcave
D:4:      layout_cave_pods, dancing_weapons_uskayaw, grunt_ministairs_5
D:5:      minmay_opposing_rooms, layout_rooms, minmay_temple_entry_mist,
          serial_shops, nicolae_shop_advertising_works
          [nicolae_subvault_shop_adworks]
D:6:      layout_basic, serial_shops, nicolae_diamond_shop, nrook_pool_corridor
D:7:      layout_gridville
D:8:      layout_basic, jmf_multi_god_temple2
Temple:   dpeg_five_rooms_temple

Skill      XL: |  1  2  3  4  5  6  7  8  9 10 |
---------------+-------------------------------+-----
Spellcasting   | 3 4 5 6 7 9 10 | 10.3
Stealth        | 2 3 4 |  4.2
Dodging        | 3 |  3.2
Fighting       | |  0.1
Unarmed Combat | |  0.6

Action                   |  1- 3 |  4- 6 |  7- 9 | 10-12 || total
-------------------------+-------+-------+-------+-------++-------
Melee: Unarmed           |     6 |     9 |       |       ||    15
       Dagger            |       |       |     1 |       ||     1
 Cast: Foxfire           |    82 |   227 |   218 |    58 ||   585
       Static Discharge  |       |     5 |       |       ||     5
       Scorch            |       |     3 |    30 |     8 ||    41
       Inner Flame       |       |     3 |    39 |    22 ||    64
       Summon Ice Beast  |       |       |     8 |     3 ||    11
       Poisonous Vapours |       |       |       |     2 ||     2
  Use: Scroll            |       |       |     3 |       ||     3
Armor: Robe              |     4 |     5 |     2 |       ||    11
Dodge: Dodged            |     3 |    19 |    27 |     4 ||    53
